Rangers vs Maple Leafs
Created - 7 mars 2015 at 20:00
Goals
|
Rangers |
0 |
2 |
4 |
6 |
Maple Leafs |
3 |
0 |
0 |
3 |
|
Shots
|
Rangers |
4 |
14 |
17 |
35 |
Maple Leafs |
13 |
14 |
13 |
40 |
|
1st period
1. Maple Leafs , Evgeni Malkin 44 (Claude Giroux) at 8:18
2. Maple Leafs , Tobias Enstrom 6 (Brendan Morrison, Byron Bitz) at 8:26
3. Maple Leafs , Evgeni Malkin 45 (Claude Giroux, Alexander Frolov) at 17:20
Penalties :
Lubomir Visnovsky (Tor) for Hooking (Minor) at 4:34, Jakob Silfverberg (NYR) for Hooking (Minor) at 10:21, Kimmo Timonen (NYR) for Interference (Minor) at 12:45
2nd period
4. Rangers , Patrice Bergeron 22 (Matt Greene, Johan Franzen) at 7:54
5. Rangers , Patrice Bergeron 23 (Drew Stafford, Mike Cammalleri) at 18:37 (PP)
Penalties :
Jakob Silfverberg (NYR) for Hooking (Minor) at 1:59, Colby Armstrong (Tor) for Holding Stick (Minor) at 12:43, Cody Franson (Tor) for Interference (Minor) at 17:48, Cody Franson (Tor) for Holding (Minor) at 19:48
3rd period
6. Rangers , Mike Cammalleri 18 (Johan Franzen, Ryan Whitney) at 8:38
7. Rangers , Mark Fistric 6 (Brad Richards) at 9:58
8. Rangers , Milan Lucic 30 (Brad Richards) at 10:36 (PP)
9. Rangers , Patrice Bergeron 24 (Johan Franzen, Mike Cammalleri) at 12:24
Penalties :
Matt Read (NYR) for Interference (Minor) at 2:11, Byron Bitz (Tor) for Hooking (Minor) at 10:29, Alexander Frolov (Tor) for Tripping (Minor) at 12:39, Alexei Emelin (NYR) for Interference (Minor) at 16:45
Goalie Stats
Henrik Lundqvist (NYR), 37 saves from 40 shots - (0,925), W, 17-28-7, 60:00 minutes
Marc-André Fleury (Tor), 29 saves from 35 shots - (0,829), L, 29-18-6, 60:00 minutes
Players Stats for Rangers
Player Name G A P +/- PIM S H SB GA TA FO MP PP MP PK MP
------------------------------------------------------------------------------------
Alexandre Burrows 0 0 0 0 0 1 2 0 0 0 0/0 14:11 5:40 1:05
Alexei Emelin 0 0 0 0 2 0 0 0 0 1 0/0 17:19 0:00 4:51
Brad Richards 0 2 2 1 0 3 1 1 1 0 7/17 16:35 5:08 1:31
Cam Barker 0 0 0 -1 0 2 1 4 0 1 0/0 22:09 0:00 5:59
Drew Stafford 0 1 1 1 0 0 1 0 1 0 0/2 16:33 3:22 3:09
Jakob Silfverberg 0 0 0 0 4 1 0 0 0 0 0/1 10:53 3:38 0:00
Johan Franzen 0 3 3 1 0 4 1 1 0 0 0/1 17:10 5:01 0:00
Kimmo Timonen 0 0 0 -1 2 1 1 2 0 0 0/0 18:46 3:12 0:02
Mark Fistric 1 0 1 1 0 2 1 2 0 1 0/0 18:18 0:00 3:54
Matt Greene 0 1 1 1 0 0 0 1 0 0 0/0 14:06 0:00 3:54
Matt Read 0 0 0 0 2 0 1 0 0 0 0/0 9:26 0:03 0:00
Mike Cammalleri 1 2 3 1 0 2 0 2 0 0 1/2 16:05 3:38 0:13
Milan Lucic 1 0 1 0 0 9 3 1 2 0 0/1 22:47 5:08 5:20
Nathan Gerbe 0 0 0 0 0 0 1 0 2 0 0/0 9:30 0:06 0:00
Patrice Bergeron 3 0 3 1 0 5 0 1 0 0 13/29 19:41 3:38 3:40
Radek Bonk 0 0 0 -1 0 3 0 1 0 0 5/16 14:28 0:06 4:52
Ryan Whitney 0 1 1 1 0 1 1 0 1 1 0/0 22:39 5:40 1:10
Valtteri Filppula 0 0 0 0 0 1 0 0 1 0 5/5 9:24 0:00 0:00
Players Stats for Maple Leafs
Player Name G A P +/- PIM S H SB GA TA FO MP PP MP PK MP
------------------------------------------------------------------------------------
Alexander Frolov 0 1 1 2 2 2 3 0 0 0 1/3 21:10 5:31 2:30
Blake Comeau 0 0 0 0 0 1 1 0 0 0 0/0 8:41 0:00 1:16
Braydon Coburn 0 0 0 -3 0 1 2 2 0 2 0/0 29:39 5:04 4:47
Brendan Morrison 0 1 1 1 0 2 1 2 0 0 9/17 14:31 4:18 0:50
Byron Bitz 0 1 1 1 2 4 1 1 0 1 0/0 16:17 3:58 2:33
Claude Giroux 0 2 2 -2 0 5 2 1 3 0 5/10 25:00 5:34 5:21
Cody Franson 0 0 0 1 4 3 0 2 0 0 0/0 17:31 5:04 0:00
Colby Armstrong 0 0 0 0 2 1 0 0 0 0 0/0 10:30 0:29 0:00
Dion Phaneuf 0 0 0 -4 0 1 2 2 0 0 0/0 27:41 4:51 4:47
Evgeni Malkin 2 0 2 -2 0 9 2 0 1 1 23/30 24:56 5:31 5:11
Fabian Brunnstrom 0 0 0 -3 0 1 2 2 0 0 0/2 15:57 4:18 0:03
Jordan Staal 0 0 0 0 0 3 2 0 0 1 3/9 9:53 0:00 0:00
Justin Abdelkader 0 0 0 0 0 0 1 0 0 0 0/0 6:28 0:00 0:00
Lubomir Visnovsky 0 0 0 2 2 2 0 1 0 3 0/0 11:12 0:00 0:00
Matt Pettinger 0 0 0 0 0 2 0 0 0 0 0/0 9:59 0:06 0:00
Rob Schremp 0 0 0 0 0 1 1 0 0 0 2/3 6:28 0:00 0:00
Taylor Chorney 0 0 0 0 0 0 2 0 0 0 0/0 14:59 0:00 4:05
Tobias Enstrom 1 0 1 2 0 2 1 0 0 0 0/0 20:10 4:51 4:05
3 Stars
1 - Patrice Bergeron (NYR)
2 - Mike Cammalleri (NYR)
3 - Johan Franzen (NYR)
Power Play
Rangers - 2 on 6 Attempt(s) - 33,33%
Maple Leafs - 0 on 5 Attempt(s) - 0,00%
Penalty Kill
Rangers - 5 on 5 Attempt(s) - 100,00%
- Score 0 goal in Penalty Kill
Maple Leafs - 4 on 6 Attempt(s) - 66,67%
- Score 0 goal in Penalty Kill
Team Stat
Rangers - Hits : 14 - Faceoff Wins : 31 - Blocked Shots : 16 - Penalty Minutes : 10
Maple Leafs - Hits : 23 - Faceoff Wins : 43 - Blocked Shots : 13 - Penalty Minutes : 12
Official
Referees : O'Halloran Dan and Meier Brad
Linesman : Brad Lazarowich and Pierre Champoux
Game Notes
Patrice Bergeron has scored a Hat Trick!
Finance
Level 1 -- Attendance: 4559 (75,98%) -- Ticket Income 455 900 $
Level 2 -- Attendance: 3276 (65,52%) -- Ticket Income 212 940 $
Level 3 -- Attendance: 1377 (68,85%) -- Ticket Income 57 834 $
Level 4 -- Attendance: 2306 (57,65%) -- Ticket Income 69 180 $
Luxury Box -- Attendance: 711 (71,10%) -- Ticket Income 131 535 $
Game was played at the Maple Leafs Garden'
Total Attendance: 12229 (67,94%)
Total Ticket Income: 927 389 $
Other Income: 139 108 $
Total Income: 1 066 497 $
Rangers
5 vs 5 Forward
Center Left Wing Right Wing Time % Phy DF OF
1 Brad Richards Milan Lucic Drew Stafford 30 1 2 2
2 Patrice Bergeron Mike Cammalleri Johan Franzen 30 1 2 2
3 Radek Bonk Alexandre Burrows Jakob Silfverberg 20 1 2 2
4 Valtteri Filppula Nathan Gerbe Matt Read 20 1 2 2
5 vs 5 Defense
Defense Defense Time % Phy DF OF
1 Ryan Whitney Mark Fistric 40 1 2 2
2 Cam Barker Kimmo Timonen 30 1 2 2
3 Matt Greene Alexei Emelin 20 1 2 2
4 Ryan Whitney Cam Barker 10 1 2 2
PowerPlay Forward
Center Left Wing Right Wing Time % Phy DF OF
1 Brad Richards Milan Lucic Johan Franzen 60 1 2 2
2 Patrice Bergeron Mike Cammalleri Jakob Silfverberg 40 1 2 2
PowerPlay Defense
Defense Defense Time % Phy DF OF
1 Ryan Whitney Alexandre Burrows 60 1 2 2
2 Kimmo Timonen Drew Stafford 40 1 2 2
Penalty Kill 4 Players Forward
Center Wing Time % Phy DF OF
1 Radek Bonk Milan Lucic 60 1 2 2
2 Patrice Bergeron Drew Stafford 40 1 2 2
Penalty Kill 4 Players Defense
Defense Defense Time % Phy DF OF
1 Cam Barker Alexei Emelin 60 1 2 2
2 Mark Fistric Matt Greene 40 1 2 2
Penalty Kill - 3 Players Forward
Forward Time % Phy DF OF
1 Patrice Bergeron 60 1 2 2
2 Milan Lucic 40 1 2 2
Penalty Kill - 3 Players Defense
Defense Defense Time % Phy DF OF
1 Cam Barker Alexei Emelin 60 1 2 2
2 Mark Fistric Matt Greene 40 1 2 2
4 vs 4 Forward
Center Wing Time % Phy DF OF
1 Radek Bonk Jakob Silfverberg 60 1 2 2
2 Patrice Bergeron Nathan Gerbe 40 1 2 2
4 vs 4 Defense
Defense Defense Time % Phy DF OF
1 Ryan Whitney Matt Greene 60 1 2 2
2 Cam Barker Alexei Emelin 40 1 2 2
Last Minutes Offensive
Center Left Wing Right Wing Defense Defense
Brad Richards Milan Lucic Jakob Silfverberg Patrice Bergeron Ryan Whitney
Last Minutes Defensive
Center Left Wing Right Wing Defense Defense
Patrice Bergeron Milan Lucic Drew Stafford Cam Barker Mark Fistric
Goaltenders
Starting : Henrik Lundqvist
Backup : Hannu Toivonen
Extra Forwards
Normal : Milan Lucic, Patrice Bergeron, Jakob Silfverberg - PP : Milan Lucic, Patrice Bergeron - PK : Patrice Bergeron
Extra Defensemen
Normal : Cam Barker, Ryan Whitney, Matt Greene - PP : Cam Barker - PK : Ryan Whitney, Cam Barker
Penalty Shots
Jakob Silfverberg, Nathan Gerbe, Milan Lucic, Patrice Bergeron, Brad Richards
Maple Leafs
5 vs 5 Forward
Center Left Wing Right Wing Time % Phy DF OF
1 Evgeni Malkin Fabian Brunnstrom Claude Giroux 40 0 1 4
2 Brendan Morrison Alexander Frolov Byron Bitz 30 1 2 2
3 Jordan Staal Matt Pettinger Colby Armstrong 20 1 2 2
4 Rob Schremp Justin Abdelkader Blake Comeau 10 1 2 2
5 vs 5 Defense
Defense Defense Time % Phy DF OF
1 Dion Phaneuf Braydon Coburn 40 1 2 2
2 Tobias Enstrom Lubomir Visnovsky 30 1 2 2
3 Taylor Chorney Cody Franson 20 1 2 2
4 Dion Phaneuf Braydon Coburn 10 1 2 2
PowerPlay Forward
Center Left Wing Right Wing Time % Phy DF OF
1 Evgeni Malkin Alexander Frolov Claude Giroux 60 1 2 2
2 Brendan Morrison Fabian Brunnstrom Byron Bitz 40 1 2 2
PowerPlay Defense
Defense Defense Time % Phy DF OF
1 Dion Phaneuf Tobias Enstrom 60 1 2 2
2 Braydon Coburn Cody Franson 40 1 2 2
Penalty Kill 4 Players Forward
Center Wing Time % Phy DF OF
1 Claude Giroux Evgeni Malkin 60 1 2 2
2 Alexander Frolov Byron Bitz 40 1 2 2
Penalty Kill 4 Players Defense
Defense Defense Time % Phy DF OF
1 Dion Phaneuf Braydon Coburn 60 1 2 2
2 Tobias Enstrom Taylor Chorney 40 1 2 2
Penalty Kill - 3 Players Forward
Forward Time % Phy DF OF
1 Evgeni Malkin 60 1 2 2
2 Brendan Morrison 40 1 2 2
Penalty Kill - 3 Players Defense
Defense Defense Time % Phy DF OF
1 Dion Phaneuf Braydon Coburn 60 1 2 2
2 Tobias Enstrom Taylor Chorney 40 1 2 2
4 vs 4 Forward
Center Wing Time % Phy DF OF
1 Claude Giroux Evgeni Malkin 60 1 2 2
2 Brendan Morrison Byron Bitz 40 1 2 2
4 vs 4 Defense
Defense Defense Time % Phy DF OF
1 Dion Phaneuf Tobias Enstrom 60 1 2 2
2 Braydon Coburn Lubomir Visnovsky 40 1 2 2
Last Minutes Offensive
Center Left Wing Right Wing Defense Defense
Evgeni Malkin Alexander Frolov Claude Giroux Dion Phaneuf Tobias Enstrom
Last Minutes Defensive
Center Left Wing Right Wing Defense Defense
Evgeni Malkin Alexander Frolov Claude Giroux Dion Phaneuf Braydon Coburn
Goaltenders
Starting : Marc-André Fleury
Backup : Mike Smith
Extra Forwards
Normal : Colby Armstrong, Matt Pettinger, Blake Comeau - PP : Colby Armstrong, Matt Pettinger - PK : Blake Comeau
Extra Defensemen
Normal : Taylor Chorney, Tobias Enstrom, Cody Franson - PP : Taylor Chorney - PK : Cody Franson, Braydon Coburn
Penalty Shots
Claude Giroux, Evgeni Malkin, Alexander Frolov, Byron Bitz, Fabian Brunnstrom
% Time on Ice - Rangers
Lines # - Real PCT - Wanted PCT - Time Play
Normal Forward
1 - 30% - 30% - 12:32
2 - 30% - 30% - 12:23
3 - 17% - 20% - 6:54
4 - 23% - 20% - 9:24
Normal Defense
1 - 42% - 40% - 17:14
2 - 32% - 30% - 13:19
3 - 24% - 20% - 9:50
4 - 2% - 10% - 0:50
PP Forward
1 - 59% - 60% - 5:14
2 - 41% - 40% - 3:38
PP Defense
1 - 64% - 60% - 5:40
2 - 36% - 40% - 3:12
PK Forward
1 - 68% - 60% - 6:46
2 - 32% - 40% - 3:09
PK Defense
1 - 60% - 60% - 5:59
2 - 40% - 40% - 3:56
PK3 Forward
1 - 0% - 60%
2 - 0% - 40%
PK3 Defense
1 - 0% - 60%
2 - 0% - 40%
44 Forward
1 - 0% - 60%
2 - 0% - 40%
44 Defense
1 - 0% - 60%
2 - 0% - 40%
Last Minute Offensive - 0:00
Last Minute Defensive - 0:00
Total
Forward - 60:00
Defense - 60:00
|
% Time on Ice - Maple Leafs
Lines # - Real PCT - Wanted PCT - Time Play
Normal Forward
1 - 37% - 40% - 15:05
2 - 24% - 30% - 9:47
3 - 24% - 20% - 9:53
4 - 16% - 10% - 6:28
Normal Defense
1 - 42% - 40% - 17:10
2 - 34% - 30% - 14:08
3 - 22% - 20% - 9:15
4 - 2% - 10% - 0:40
PP Forward
1 - 57% - 60% - 5:37
2 - 43% - 40% - 4:18
PP Defense
1 - 49% - 60% - 4:51
2 - 51% - 40% - 5:04
PK Forward
1 - 71% - 60% - 6:19
2 - 29% - 40% - 2:33
PK Defense
1 - 54% - 60% - 4:47
2 - 46% - 40% - 4:05
PK3 Forward
1 - 0% - 60%
2 - 0% - 40%
PK3 Defense
1 - 0% - 60%
2 - 0% - 40%
44 Forward
1 - 0% - 60%
2 - 0% - 40%
44 Defense
1 - 0% - 60%
2 - 0% - 40%
Last Minute Offensive - 0:00
Last Minute Defensive - 0:00
Total
Forward - 60:00
Defense - 60:00
|
Play by Play
1st period
0:01 of 1st period - Evgeni Malkin wins face-off versus Brad Richards in neutral zone.
0:04 of 1st period - Milan Lucic is hit by Dion Phaneuf and loses puck.
0:13 of 1st period - Snap shot by Evgeni Malkin.
0:13 of 1st period - Shot Blocked by Brad Richards.
2:07 of 1st period - Wrist shot by Evgeni Malkin.
2:07 of 1st period - Deflect By Matt Greene.
2:07 of 1st period - Stopped by Henrik Lundqvist with a rebound.
2:09 of 1st period - Snap shot by Tobias Enstrom.
2:09 of 1st period - Deflect By Evgeni Malkin.
2:09 of 1st period - Stopped by Henrik Lundqvist with a rebound.
2:23 of 1st period - Byron Bitz is hit by Nathan Gerbe and loses puck.
2:40 of 1st period - Ryan Whitney is hit by Jordan Staal and loses puck.
3:35 of 1st period - Cam Barker is hit by Dion Phaneuf and loses puck.
3:56 of 1st period - Alexandre Burrows is hit by Claude Giroux and loses puck.
4:15 of 1st period - Snap shot by Colby Armstrong.
4:15 of 1st period - Shot Misses the Net.
4:34 of 1st period - Minor Penalty to Lubomir Visnovsky for Hooking.
4:35 of 1st period - Claude Giroux wins face-off versus Brad Richards in Maple Leafs zone.
4:48 of 1st period - Wrist shot by Claude Giroux.
4:48 of 1st period - Stopped by Henrik Lundqvist with a rebound.
4:50 of 1st period - Backhand shot by Tobias Enstrom.
4:50 of 1st period - Deflect By Evgeni Malkin.
4:50 of 1st period - Shot Misses the Net.
4:50 of 1st period - Puck is out of play.
4:51 of 1st period - Claude Giroux wins face-off versus Brad Richards in Rangers zone.
5:02 of 1st period - Snap shot by Claude Giroux.
5:02 of 1st period - Stopped by Henrik Lundqvist with a rebound.
6:34 of 1st period - Penalty to Lubomir Visnovsky is over, Lubomir Visnovsky is back on ice.
7:24 of 1st period - Snap shot by Lubomir Visnovsky.
7:24 of 1st period - Stopped by Henrik Lundqvist without a rebound.
7:25 of 1st period - Jordan Staal wins face-off versus Radek Bonk in Rangers zone.
7:30 of 1st period - Snap shot by Jordan Staal.
7:30 of 1st period - Stopped by Henrik Lundqvist without a rebound.
7:31 of 1st period - Radek Bonk wins face-off versus Jordan Staal in Rangers zone.
7:55 of 1st period - Colby Armstrong is hit by Drew Stafford and loses puck.
8:12 of 1st period - Wrist shot by Claude Giroux.
8:12 of 1st period - Stopped by Henrik Lundqvist without a rebound.
8:13 of 1st period - Evgeni Malkin wins face-off versus Patrice Bergeron in Rangers zone.
8:18 of 1st period - Snap shot by Evgeni Malkin.
8:18 of 1st period - Goal by Evgeni Malkin - Rangers : 0 - Maple Leafs : 1.
8:19 of 1st period - Brendan Morrison wins face-off versus Patrice Bergeron in neutral zone.
8:26 of 1st period - Snap shot by Tobias Enstrom.
8:26 of 1st period - Goal by Tobias Enstrom - Rangers : 0 - Maple Leafs : 2.
8:27 of 1st period - Brendan Morrison wins face-off versus Brad Richards in neutral zone.
8:33 of 1st period - Icing by Ryan Whitney.
8:34 of 1st period - Brendan Morrison wins face-off versus Brad Richards in Rangers zone.
9:23 of 1st period - Wrist shot by Brad Richards.
9:23 of 1st period - Stopped by Marc-André Fleury with a rebound.
9:25 of 1st period - Slapshot by Ryan Whitney.
9:25 of 1st period - Shot Misses the Net.
9:27 of 1st period - Slapshot by Mark Fistric.
9:27 of 1st period - Shot Misses the Net.
9:29 of 1st period - Slapshot by Ryan Whitney.
9:29 of 1st period - Shot Misses the Net.
9:31 of 1st period - Slapshot by Mark Fistric.
9:31 of 1st period - Shot Blocked by Lubomir Visnovsky.
9:39 of 1st period - Snap shot by Milan Lucic.
9:39 of 1st period - Stopped by Marc-André Fleury with a rebound.
9:41 of 1st period - Slapshot by Milan Lucic.
9:41 of 1st period - Stopped by Marc-André Fleury without a rebound.
9:42 of 1st period - Evgeni Malkin wins face-off versus Patrice Bergeron in Maple Leafs zone.
10:09 of 1st period - Dion Phaneuf is hit by Kimmo Timonen and loses puck.
10:21 of 1st period - Minor Penalty to Jakob Silfverberg for Hooking.
10:22 of 1st period - Evgeni Malkin wins face-off versus Radek Bonk in Rangers zone.
10:36 of 1st period - Snap shot by Evgeni Malkin.
10:36 of 1st period - Shot Blocked by Cam Barker.
11:37 of 1st period - Slapshot by Brad Richards.
11:37 of 1st period - Shot Blocked by Brendan Morrison.
11:55 of 1st period - Patrice Bergeron is hit by Alexander Frolov and loses puck.
12:21 of 1st period - Penalty to Jakob Silfverberg is over, Jakob Silfverberg is back on ice.
12:34 of 1st period - Matt Read is hit by Rob Schremp and loses puck.
12:45 of 1st period - Minor Penalty to Kimmo Timonen for Interference.
12:46 of 1st period - Evgeni Malkin wins face-off versus Radek Bonk in Rangers zone.
12:53 of 1st period - Wrist shot by Evgeni Malkin.
12:53 of 1st period - Shot Misses the Net.
12:55 of 1st period - Slapshot by Dion Phaneuf.
12:55 of 1st period - Deflect By Alexander Frolov.
12:55 of 1st period - Shot Misses the Net.
12:55 of 1st period - Puck is out of play.
12:56 of 1st period - Evgeni Malkin wins face-off versus Radek Bonk in Rangers zone.
13:23 of 1st period - Snap shot by Patrice Bergeron.
13:23 of 1st period - Shot Misses the Net.
14:08 of 1st period - Icing by Alexander Frolov.
14:09 of 1st period - Evgeni Malkin wins face-off versus Radek Bonk in Maple Leafs zone.
14:09 of 1st period - Evgeni Malkin is hit by Cam Barker.
14:12 of 1st period - Icing by Claude Giroux.
14:13 of 1st period - Evgeni Malkin wins face-off versus Milan Lucic in Maple Leafs zone.
14:18 of 1st period - Radek Bonk is hit by Claude Giroux and loses puck.
14:45 of 1st period - Penalty to Kimmo Timonen is over, Kimmo Timonen is back on ice.
15:25 of 1st period - Snap shot by Milan Lucic.
15:25 of 1st period - Stopped by Marc-André Fleury with a rebound.
15:33 of 1st period - Wrist shot by Claude Giroux.
15:33 of 1st period - Shot Misses the Net.
15:35 of 1st period - Wrist shot by Alexander Frolov.
15:35 of 1st period - Stopped by Henrik Lundqvist with a rebound.
15:37 of 1st period - Slapshot by Braydon Coburn.
15:37 of 1st period - Shot Misses the Net.
15:53 of 1st period - Braydon Coburn is hit by Milan Lucic and loses puck.
17:06 of 1st period - Snap shot by Evgeni Malkin.
17:06 of 1st period - Shot Misses the Net.
17:08 of 1st period - Slapshot by Cody Franson.
17:08 of 1st period - Stopped by Henrik Lundqvist with a rebound.
17:10 of 1st period - Snap shot by Evgeni Malkin.
17:10 of 1st period - Stopped by Henrik Lundqvist with a rebound.
17:12 of 1st period - Slapshot by Alexander Frolov.
17:12 of 1st period - Shot Blocked by Milan Lucic.
17:14 of 1st period - Snap shot by Alexander Frolov.
17:14 of 1st period - Shot Misses the Net.
17:16 of 1st period - Snap shot by Claude Giroux.
17:16 of 1st period - Shot Blocked by Radek Bonk.
17:20 of 1st period - Slapshot by Evgeni Malkin.
17:20 of 1st period - Goal by Evgeni Malkin - Rangers : 0 - Maple Leafs : 3.
17:21 of 1st period - Jordan Staal wins face-off versus Johan Franzen in neutral zone.
17:58 of 1st period - Nathan Gerbe is hit by Justin Abdelkader and loses puck.
18:20 of 1st period - Icing by Mike Cammalleri.
18:21 of 1st period - Patrice Bergeron wins face-off versus Jordan Staal in Rangers zone.
18:39 of 1st period - Off-side.
18:40 of 1st period - Rob Schremp wins face-off versus Patrice Bergeron in neutral zone.
Goals for this period are 0 for Rangers vs 3 for Maple Leafs.
Shots for this period are 4 for Rangers vs 13 for Maple Leafs.
2nd period
0:01 of 2nd period - Brendan Morrison wins face-off versus Patrice Bergeron in neutral zone.
0:04 of 2nd period - Slapshot by Dion Phaneuf.
0:04 of 2nd period - Shot Blocked by Cam Barker.
0:06 of 2nd period - Slapshot by Braydon Coburn.
0:06 of 2nd period - Shot Blocked by Kimmo Timonen.
0:08 of 2nd period - Snap shot by Byron Bitz.
0:08 of 2nd period - Shot Blocked by Cam Barker.
0:10 of 2nd period - Snap shot by Byron Bitz.
0:10 of 2nd period - Shot Blocked by Mike Cammalleri.
0:12 of 2nd period - Slapshot by Byron Bitz.
0:12 of 2nd period - Stopped by Henrik Lundqvist with a rebound.
0:14 of 2nd period - Snap shot by Byron Bitz.
0:14 of 2nd period - Shot Misses the Net.
0:16 of 2nd period - Slapshot by Braydon Coburn.
0:16 of 2nd period - Deflect By Byron Bitz.
0:16 of 2nd period - Stopped by Henrik Lundqvist without a rebound.
0:17 of 2nd period - Evgeni Malkin wins face-off versus Radek Bonk in Rangers zone.
0:18 of 2nd period - Snap shot by Claude Giroux.
0:18 of 2nd period - Shot Hit the Post.
0:41 of 2nd period - Icing by Alexandre Burrows.
0:42 of 2nd period - Brendan Morrison wins face-off versus Radek Bonk in Rangers zone.
0:57 of 2nd period - Radek Bonk is hit by Byron Bitz.
1:59 of 2nd period - Minor Penalty to Jakob Silfverberg for Hooking.
2:00 of 2nd period - Evgeni Malkin wins face-off versus Drew Stafford in Rangers zone.
2:36 of 2nd period - Wrist shot by Brendan Morrison.
2:36 of 2nd period - Shot Misses the Net.
3:59 of 2nd period - Penalty to Jakob Silfverberg is over, Jakob Silfverberg is back on ice.
4:05 of 2nd period - Icing by Ryan Whitney.
4:06 of 2nd period - Valtteri Filppula wins face-off versus Rob Schremp in Rangers zone.
4:11 of 2nd period - Lubomir Visnovsky is hit by Ryan Whitney.
4:21 of 2nd period - Slapshot by Tobias Enstrom.
4:21 of 2nd period - Stopped by Henrik Lundqvist without a rebound.
4:22 of 2nd period - Brendan Morrison wins face-off versus Patrice Bergeron in Rangers zone.
4:55 of 2nd period - Milan Lucic is hit by Fabian Brunnstrom.
4:58 of 2nd period - Icing by Brad Richards.
4:59 of 2nd period - Brad Richards wins face-off versus Alexander Frolov in Rangers zone.
5:04 of 2nd period - Wrist shot by Milan Lucic.
5:04 of 2nd period - Stopped by Marc-André Fleury with a rebound.
5:19 of 2nd period - Slapshot by Milan Lucic.
5:19 of 2nd period - Shot Misses the Net.
5:21 of 2nd period - Wrist shot by Kimmo Timonen.
5:21 of 2nd period - Stopped by Marc-André Fleury with a rebound.
5:23 of 2nd period - Slapshot by Cam Barker.
5:23 of 2nd period - Stopped by Marc-André Fleury without a rebound.
5:24 of 2nd period - Patrice Bergeron wins face-off versus Fabian Brunnstrom in Maple Leafs zone.
6:14 of 2nd period - Snap shot by Colby Armstrong.
6:14 of 2nd period - Shot Misses the Net.
6:16 of 2nd period - Snap shot by Jordan Staal.
6:16 of 2nd period - Stopped by Henrik Lundqvist with a rebound.
6:18 of 2nd period - Snap shot by Jordan Staal.
6:18 of 2nd period - Stopped by Henrik Lundqvist without a rebound.
6:19 of 2nd period - Evgeni Malkin wins face-off versus Patrice Bergeron in Rangers zone.
6:46 of 2nd period - Byron Bitz is hit by Milan Lucic and loses puck.
7:19 of 2nd period - Wrist shot by Jordan Staal.
7:19 of 2nd period - Shot Misses the Net.
7:31 of 2nd period - Snap shot by Alexandre Burrows.
7:31 of 2nd period - Stopped by Marc-André Fleury with a rebound.
7:33 of 2nd period - Snap shot by Jakob Silfverberg.
7:33 of 2nd period - Shot Blocked by Dion Phaneuf.
7:37 of 2nd period - Slapshot by Cam Barker.
7:37 of 2nd period - Shot Blocked by Dion Phaneuf.
7:54 of 2nd period - Slapshot by Matt Greene.
7:54 of 2nd period - Deflect By Patrice Bergeron.
7:54 of 2nd period - Goal by Patrice Bergeron - Rangers : 1 - Maple Leafs : 3.
7:55 of 2nd period - Patrice Bergeron wins face-off versus Brendan Morrison in neutral zone.
8:20 of 2nd period - Ryan Whitney is hit by Jordan Staal and loses puck.
8:35 of 2nd period - Snap shot by Patrice Bergeron.
8:35 of 2nd period - Shot Misses the Net.
9:20 of 2nd period - Off-side.
9:21 of 2nd period - Alexander Frolov wins face-off versus Jakob Silfverberg in neutral zone.
9:24 of 2nd period - Slapshot by Dion Phaneuf.
9:24 of 2nd period - Stopped by Henrik Lundqvist with a rebound.
9:30 of 2nd period - Wrist shot by Alexandre Burrows.
9:30 of 2nd period - Deflect By Jakob Silfverberg.
9:30 of 2nd period - Stopped by Marc-André Fleury with a rebound.
9:32 of 2nd period - Wrist shot by Radek Bonk.
9:32 of 2nd period - Stopped by Marc-André Fleury with a rebound.
9:34 of 2nd period - Snap shot by Radek Bonk.
9:34 of 2nd period - Deflect By Brendan Morrison.
9:34 of 2nd period - Stopped by Marc-André Fleury without a rebound.
9:35 of 2nd period - Brendan Morrison wins face-off versus Drew Stafford in Maple Leafs zone.
9:35 of 2nd period - Brendan Morrison is hit by Milan Lucic.
10:26 of 2nd period - Slapshot by Cam Barker.
10:26 of 2nd period - Stopped by Marc-André Fleury without a rebound.
10:27 of 2nd period - Patrice Bergeron wins face-off versus Fabian Brunnstrom in Maple Leafs zone.
10:38 of 2nd period - Wrist shot by Johan Franzen.
10:38 of 2nd period - Stopped by Marc-André Fleury without a rebound.
10:39 of 2nd period - Patrice Bergeron wins face-off versus Evgeni Malkin in Maple Leafs zone.
11:46 of 2nd period - Wrist shot by Byron Bitz.
11:46 of 2nd period - Stopped by Henrik Lundqvist with a rebound.
12:43 of 2nd period - Minor Penalty to Colby Armstrong for Holding Stick.
12:44 of 2nd period - Claude Giroux wins face-off versus Brad Richards in Maple Leafs zone.
12:44 of 2nd period - Claude Giroux is hit by Johan Franzen.
14:43 of 2nd period - Penalty to Colby Armstrong is over, Colby Armstrong is back on ice.
15:00 of 2nd period - Snap shot by Valtteri Filppula.
15:00 of 2nd period - Stopped by Marc-André Fleury without a rebound.
15:01 of 2nd period - Valtteri Filppula wins face-off versus Jordan Staal in Maple Leafs zone.
15:10 of 2nd period - Matt Read is hit by Braydon Coburn and loses puck.
15:16 of 2nd period - Icing by Valtteri Filppula.
15:17 of 2nd period - Valtteri Filppula wins face-off versus Evgeni Malkin in Rangers zone.
15:22 of 2nd period - Wrist shot by Evgeni Malkin.
15:22 of 2nd period - Stopped by Henrik Lundqvist without a rebound.
15:23 of 2nd period - Evgeni Malkin wins face-off versus Patrice Bergeron in Rangers zone.
15:30 of 2nd period - Backhand shot by Evgeni Malkin.
15:30 of 2nd period - Stopped by Henrik Lundqvist without a rebound.
15:31 of 2nd period - Evgeni Malkin wins face-off versus Patrice Bergeron in Rangers zone.
16:09 of 2nd period - Snap shot by Brad Richards.
16:09 of 2nd period - Stopped by Marc-André Fleury with a rebound.
16:23 of 2nd period - Jordan Staal is hit by Alexandre Burrows.
16:27 of 2nd period - Colby Armstrong is hit by Alexandre Burrows.
16:39 of 2nd period - Slapshot by Dion Phaneuf.
16:39 of 2nd period - Shot Blocked by Matt Greene.
16:41 of 2nd period - Slapshot by Dion Phaneuf.
16:41 of 2nd period - Shot Misses the Net.
16:43 of 2nd period - Wrist shot by Justin Abdelkader.
16:43 of 2nd period - Shot Misses the Net.
16:49 of 2nd period - Snap shot by Blake Comeau.
16:49 of 2nd period - Stopped by Henrik Lundqvist with a rebound.
17:20 of 2nd period - Mike Cammalleri is hit by Brendan Morrison and loses puck.
17:29 of 2nd period - Snap shot by Brendan Morrison.
17:29 of 2nd period - Stopped by Henrik Lundqvist with a rebound.
17:48 of 2nd period - Minor Penalty to Cody Franson for Interference.
17:49 of 2nd period - Brad Richards wins face-off versus Claude Giroux in Maple Leafs zone.
17:49 of 2nd period - Backhand shot by Milan Lucic.
17:49 of 2nd period - Shot Misses the Net.
18:01 of 2nd period - Slapshot by Brad Richards.
18:01 of 2nd period - Shot Misses the Net.
18:03 of 2nd period - Snap shot by Brad Richards.
18:03 of 2nd period - Stopped by Marc-André Fleury without a rebound.
18:04 of 2nd period - Brad Richards wins face-off versus Claude Giroux in Maple Leafs zone.
18:37 of 2nd period - Slapshot by Drew Stafford.
18:37 of 2nd period - Deflect By Patrice Bergeron.
18:37 of 2nd period - Goal by Patrice Bergeron - Rangers : 2 - Maple Leafs : 3.
18:38 of 2nd period - Claude Giroux wins face-off versus Patrice Bergeron in neutral zone.
18:53 of 2nd period - Snap shot by Evgeni Malkin.
18:53 of 2nd period - Stopped by Henrik Lundqvist without a rebound.
18:54 of 2nd period - Brendan Morrison wins face-off versus Brad Richards in Rangers zone.
19:03 of 2nd period - Snap shot by Alexander Frolov.
19:03 of 2nd period - Stopped by Henrik Lundqvist with a rebound.
19:19 of 2nd period - Evgeni Malkin is hit by Mark Fistric and loses puck.
19:28 of 2nd period - Wrist shot by Johan Franzen.
19:28 of 2nd period - Shot Blocked by Fabian Brunnstrom.
19:40 of 2nd period - Slapshot by Braydon Coburn.
19:40 of 2nd period - Stopped by Henrik Lundqvist without a rebound.
19:41 of 2nd period - Radek Bonk wins face-off versus Jordan Staal in Rangers zone.
19:41 of 2nd period - Radek Bonk is hit by Taylor Chorney.
19:48 of 2nd period - Minor Penalty to Cody Franson for Holding.
19:49 of 2nd period - Brad Richards wins face-off versus Claude Giroux in Maple Leafs zone.
Goals for this period are 2 for Rangers vs 0 for Maple Leafs.
Shots for this period are 14 for Rangers vs 14 for Maple Leafs.
3rd period
0:01 of 3rd period - Claude Giroux wins face-off versus Brad Richards in neutral zone.
0:49 of 3rd period - Kimmo Timonen is hit by Alexander Frolov and loses puck.
1:08 of 3rd period - Byron Bitz is hit by Brad Richards and loses puck.
1:48 of 3rd period - Penalty to Cody Franson is over, Cody Franson is back on ice.
1:53 of 3rd period - Tobias Enstrom is hit by Matt Read and loses puck.
2:11 of 3rd period - Minor Penalty to Matt Read for Interference.
2:12 of 3rd period - Radek Bonk wins face-off versus Brendan Morrison in Rangers zone.
2:12 of 3rd period - Radek Bonk is hit by Fabian Brunnstrom.
2:25 of 3rd period - Snap shot by Milan Lucic.
2:25 of 3rd period - Deflect By Radek Bonk.
2:25 of 3rd period - Deflect By Brendan Morrison.
2:25 of 3rd period - Stopped by Marc-André Fleury without a rebound.
2:26 of 3rd period - Evgeni Malkin wins face-off versus Radek Bonk in Maple Leafs zone.
2:33 of 3rd period - Snap shot by Milan Lucic.
2:33 of 3rd period - Stopped by Marc-André Fleury with a rebound.
3:25 of 3rd period - Mark Fistric is hit by Evgeni Malkin and loses puck.
3:42 of 3rd period - Alexei Emelin is hit by Evgeni Malkin and loses puck.
4:11 of 3rd period - Penalty to Matt Read is over, Matt Read is back on ice.
4:39 of 3rd period - Snap shot by Matt Pettinger.
4:39 of 3rd period - Stopped by Henrik Lundqvist with a rebound.
4:41 of 3rd period - Slapshot by Matt Pettinger.
4:41 of 3rd period - Stopped by Henrik Lundqvist with a rebound.
4:43 of 3rd period - Wrist shot by Colby Armstrong.
4:43 of 3rd period - Stopped by Henrik Lundqvist with a rebound.
4:45 of 3rd period - Snap shot by Dion Phaneuf.
4:45 of 3rd period - Shot Misses the Net.
5:32 of 3rd period - Matt Greene is hit by Braydon Coburn.
5:36 of 3rd period - Slapshot by Milan Lucic.
5:36 of 3rd period - Stopped by Marc-André Fleury without a rebound.
5:37 of 3rd period - Rob Schremp wins face-off versus Brad Richards in Maple Leafs zone.
5:56 of 3rd period - Kimmo Timonen is hit by Blake Comeau and loses puck.
6:03 of 3rd period - Slapshot by Tobias Enstrom.
6:03 of 3rd period - Shot Misses the Net.
6:07 of 3rd period - Slapshot by Rob Schremp.
6:07 of 3rd period - Stopped by Henrik Lundqvist with a rebound.
6:09 of 3rd period - Slapshot by Lubomir Visnovsky.
6:09 of 3rd period - Stopped by Henrik Lundqvist with a rebound.
6:11 of 3rd period - Slapshot by Braydon Coburn.
6:11 of 3rd period - Shot Blocked by Cam Barker.
6:13 of 3rd period - Slapshot by Dion Phaneuf.
6:13 of 3rd period - Shot Blocked by Kimmo Timonen.
6:15 of 3rd period - Snap shot by Cody Franson.
6:15 of 3rd period - Stopped by Henrik Lundqvist without a rebound.
6:16 of 3rd period - Evgeni Malkin wins face-off versus Patrice Bergeron in Rangers zone.
6:25 of 3rd period - Slapshot by Evgeni Malkin.
6:25 of 3rd period - Shot Blocked by Patrice Bergeron.
6:47 of 3rd period - Snap shot by Valtteri Filppula.
6:47 of 3rd period - Shot Misses the Net.
6:49 of 3rd period - Snap shot by Matt Read.
6:49 of 3rd period - Shot Misses the Net.
7:58 of 3rd period - Off-side.
7:59 of 3rd period - Valtteri Filppula wins face-off versus Brendan Morrison in neutral zone.
8:08 of 3rd period - Snap shot by Matt Read.
8:08 of 3rd period - Deflect By Valtteri Filppula.
8:08 of 3rd period - Shot Blocked by Braydon Coburn.
8:08 of 3rd period - Puck is out of play.
8:09 of 3rd period - Evgeni Malkin wins face-off versus Patrice Bergeron in Maple Leafs zone.
8:18 of 3rd period - Wrist shot by Claude Giroux.
8:18 of 3rd period - Shot Misses the Net.
8:20 of 3rd period - Slapshot by Claude Giroux.
8:20 of 3rd period - Stopped by Henrik Lundqvist with a rebound.
8:22 of 3rd period - Slapshot by Braydon Coburn.
8:22 of 3rd period - Deflect By Evgeni Malkin.
8:22 of 3rd period - Shot Blocked by Mark Fistric.
8:22 of 3rd period - Puck is out of play.
8:23 of 3rd period - Patrice Bergeron wins face-off versus Evgeni Malkin in Rangers zone.
8:36 of 3rd period - Slapshot by Johan Franzen.
8:36 of 3rd period - Deflect By Claude Giroux.
8:36 of 3rd period - Stopped by Marc-André Fleury with a rebound.
8:38 of 3rd period - Snap shot by Mike Cammalleri.
8:38 of 3rd period - Goal by Mike Cammalleri - Rangers : 3 - Maple Leafs : 3.
8:39 of 3rd period - Evgeni Malkin wins face-off versus Mike Cammalleri in neutral zone.
8:52 of 3rd period - Slapshot by Kimmo Timonen.
8:52 of 3rd period - Deflect By Johan Franzen.
8:52 of 3rd period - Stopped by Marc-André Fleury without a rebound.
8:53 of 3rd period - Brad Richards wins face-off versus Evgeni Malkin in Maple Leafs zone.
9:25 of 3rd period - Snap shot by Brendan Morrison.
9:25 of 3rd period - Stopped by Henrik Lundqvist without a rebound.
9:26 of 3rd period - Radek Bonk wins face-off versus Brendan Morrison in Rangers zone.
9:26 of 3rd period - Radek Bonk is hit by Alexander Frolov.
9:34 of 3rd period - Slapshot by Kimmo Timonen.
9:34 of 3rd period - Deflect By Alexandre Burrows.
9:34 of 3rd period - Shot Blocked by Brendan Morrison.
9:34 of 3rd period - Puck is out of play.
9:35 of 3rd period - Patrice Bergeron wins face-off versus Brendan Morrison in Maple Leafs zone.
9:36 of 3rd period - Snap shot by Johan Franzen.
9:36 of 3rd period - Stopped by Marc-André Fleury without a rebound.
9:37 of 3rd period - Evgeni Malkin wins face-off versus Patrice Bergeron in Maple Leafs zone.
9:50 of 3rd period - Snap shot by Fabian Brunnstrom.
9:50 of 3rd period - Stopped by Henrik Lundqvist without a rebound.
9:51 of 3rd period - Evgeni Malkin wins face-off versus Brad Richards in Rangers zone.
9:58 of 3rd period - Slapshot by Mark Fistric.
9:58 of 3rd period - Goal by Mark Fistric - Rangers : 4 - Maple Leafs : 3.
9:59 of 3rd period - Evgeni Malkin wins face-off versus Patrice Bergeron in neutral zone.
10:02 of 3rd period - Slapshot by Claude Giroux.
10:02 of 3rd period - Shot Blocked by Johan Franzen.
10:26 of 3rd period - Slapshot by Alexandre Burrows.
10:26 of 3rd period - Deflect By Claude Giroux.
10:26 of 3rd period - Shot Blocked by Claude Giroux.
10:26 of 3rd period - Puck is out of play.
10:27 of 3rd period - Brendan Morrison wins face-off versus Radek Bonk in Maple Leafs zone.
10:29 of 3rd period - Minor Penalty to Byron Bitz for Hooking.
10:30 of 3rd period - Brad Richards wins face-off versus Claude Giroux in Maple Leafs zone.
10:36 of 3rd period - Snap shot by Milan Lucic.
10:36 of 3rd period - Goal by Milan Lucic - Rangers : 5 - Maple Leafs : 3.
10:37 of 3rd period - Evgeni Malkin wins face-off versus Patrice Bergeron in neutral zone.
10:43 of 3rd period - Off-side.
10:44 of 3rd period - Patrice Bergeron wins face-off versus Evgeni Malkin in neutral zone.
10:47 of 3rd period - Wrist shot by Patrice Bergeron.
10:47 of 3rd period - Shot Blocked by Fabian Brunnstrom.
10:49 of 3rd period - Slapshot by Mark Fistric.
10:49 of 3rd period - Stopped by Marc-André Fleury with a rebound.
10:51 of 3rd period - Snap shot by Patrice Bergeron.
10:51 of 3rd period - Stopped by Marc-André Fleury without a rebound.
10:52 of 3rd period - Patrice Bergeron wins face-off versus Brendan Morrison in Maple Leafs zone.
11:05 of 3rd period - Slapshot by Braydon Coburn.
11:05 of 3rd period - Shot Blocked by Mike Cammalleri.
11:07 of 3rd period - Snap shot by Brendan Morrison.
11:07 of 3rd period - Shot Blocked by Mark Fistric.
11:55 of 3rd period - Ryan Whitney is hit by Tobias Enstrom and loses puck.
11:58 of 3rd period - Wrist shot by Milan Lucic.
11:58 of 3rd period - Stopped by Marc-André Fleury with a rebound.
12:00 of 3rd period - Snap shot by Milan Lucic.
12:00 of 3rd period - Stopped by Marc-André Fleury without a rebound.
12:01 of 3rd period - Patrice Bergeron wins face-off versus Brendan Morrison in Maple Leafs zone.
12:02 of 3rd period - Wrist shot by Johan Franzen.
12:02 of 3rd period - Deflect By Mike Cammalleri.
12:02 of 3rd period - Shot Misses the Net.
12:02 of 3rd period - Puck is out of play.
12:03 of 3rd period - Patrice Bergeron wins face-off versus Alexander Frolov in Maple Leafs zone.
12:06 of 3rd period - Snap shot by Mike Cammalleri.
12:06 of 3rd period - Stopped by Marc-André Fleury with a rebound.
12:08 of 3rd period - Slapshot by Cam Barker.
12:08 of 3rd period - Shot Blocked by Byron Bitz.
12:10 of 3rd period - Snap shot by Patrice Bergeron.
12:10 of 3rd period - Shot Blocked by Cody Franson.
12:12 of 3rd period - Wrist shot by Patrice Bergeron.
12:12 of 3rd period - Stopped by Marc-André Fleury without a rebound.
12:13 of 3rd period - Patrice Bergeron wins face-off versus Evgeni Malkin in Maple Leafs zone.
12:22 of 3rd period - Snap shot by Johan Franzen.
12:22 of 3rd period - Shot Blocked by Braydon Coburn.
12:24 of 3rd period - Slapshot by Patrice Bergeron.
12:24 of 3rd period - Goal by Patrice Bergeron - Rangers : 6 - Maple Leafs : 3.
12:25 of 3rd period - Patrice Bergeron wins face-off versus Brendan Morrison in neutral zone.
12:39 of 3rd period - Minor Penalty to Alexander Frolov for Tripping.
12:40 of 3rd period - Brad Richards wins face-off versus Claude Giroux in Maple Leafs zone.
13:13 of 3rd period - Snap shot by Ryan Whitney.
13:13 of 3rd period - Stopped by Marc-André Fleury with a rebound.
13:41 of 3rd period - Jakob Silfverberg is hit by Taylor Chorney and loses puck.
14:39 of 3rd period - Penalty to Alexander Frolov is over, Alexander Frolov is back on ice.
14:51 of 3rd period - Off-side.
14:52 of 3rd period - Valtteri Filppula wins face-off versus Jordan Staal in neutral zone.
16:17 of 3rd period - Wrist shot by Byron Bitz.
16:17 of 3rd period - Stopped by Henrik Lundqvist with a rebound.
16:45 of 3rd period - Minor Penalty to Alexei Emelin for Interference.
16:46 of 3rd period - Evgeni Malkin wins face-off versus Radek Bonk in Rangers zone.
17:22 of 3rd period - Slapshot by Patrice Bergeron.
17:22 of 3rd period - Shot Blocked by Cody Franson.
18:08 of 3rd period - Snap shot by Evgeni Malkin.
18:08 of 3rd period - Stopped by Henrik Lundqvist with a rebound.
18:10 of 3rd period - Slapshot by Cody Franson.
18:10 of 3rd period - Stopped by Henrik Lundqvist without a rebound.
18:11 of 3rd period - Evgeni Malkin wins face-off versus Radek Bonk in Rangers zone.
18:22 of 3rd period - Snap shot by Claude Giroux.
18:22 of 3rd period - Stopped by Henrik Lundqvist without a rebound.
18:23 of 3rd period - Radek Bonk wins face-off versus Evgeni Malkin in Rangers zone.
18:45 of 3rd period - Penalty to Alexei Emelin is over, Alexei Emelin is back on ice.
19:06 of 3rd period - Icing by Tobias Enstrom.
19:07 of 3rd period - Jordan Staal wins face-off versus Patrice Bergeron in Maple Leafs zone.
19:09 of 3rd period - Icing by Colby Armstrong.
19:10 of 3rd period - Mike Cammalleri wins face-off versus Jordan Staal in Maple Leafs zone.
19:59 of 3rd period - Wrist shot by Alexandre Burrows.
19:59 of 3rd period - Shot Misses the Net.
Goals for this period are 4 for Rangers vs 0 for Maple Leafs.
Shots for this period are 17 for Rangers vs 13 for Maple Leafs.
Output by the SimonT Hockey Simulator (STHS) for François Prévost -- Original Page W3C XHTML 1.0 Valid